 Dungeon Crawl Stone Soup version 0.30-a0-568-g124715a40b (webtiles) character file.

Game seed: 4250758487551168179

126 Newt the Sneak (level 4, -2/33 HPs)
             Began as a Demonspawn Gladiator on Dec 28, 2022.
             Slain by Grinder (5 damage)
             ... while paralysed by Grinder
             ... on level 3 of the Dungeon.
             The game lasted 00:02:36 (2325 turns).

Newt the Sneak (Demonspawn Gladiator)               Turns: 2325, Time: 00:02:37

Health: -2/33      AC:  4    Str: 14    XL:     4   Next: 84%
Magic:  7/7        EV:  2    Int: 12    God:
Gold:   66         SH:  0    Dex: 20    Spells: 7/7 levels left

rFire   . . .      SeeInvis .    p - +0 quarterstaff
rCold   . . .      Faith    .    (shield currently unavailable)
rNeg    . . .      Spirit   .    b - +0 leather armour
rPois   .          Reflect  .    c - +0 helmet
rElec   .          Harm     .    (no cloak)
rCorr   .          Rampage  .    (no gloves)
Will    .....                    (no boots)
Stlth   ++                       (no amulet)
HPRegen 0.25/turn                o - +6 ring of dexterity
MPRegen 0.10/turn                (no ring)

@: paralysed
A: repulsion field 1, demonic magic 1
a: no special abilities


You were on level 3 of the Dungeon.
You visited 1 branch of the dungeon, and saw 3 of its levels.

You collected 66 gold pieces.

Inventory:

Hand Weapons
 a - a +0 rapier
 p - a +0 quarterstaff (weapon)
Missiles
 t - a throwing net (quivered)
Armour
 b - a +0 leather armour (worn)
 c - a +0 helmet (worn)
Jewellery
 o - a +6 ring of dexterity (left hand)
Wands
 d - a wand of polymorph (6)
Scrolls
 h - a scroll of teleportation
 j - a scroll of magic mapping
 k - a scroll of vulnerability {unknown}
 q - a scroll of identify {unknown}
Potions
 e - a potion of magic {unknown}
 f - 2 potions of curing {unknown}
 g - a potion of attraction {unknown}
 i - a potion of heal wounds {unknown}
 m - a potion of haste {unknown}
 n - a potion of might {unknown}
 r - 2 potions of cancellation {unknown}
 s - a potion of mutation {unknown}


   Skills:
 - Level 2.0 Fighting
 - Level 2.6 Short Blades
 * Level 1.5 Staves
 - Level 1.7 Throwing
 - Level 2.6 Dodging
 - Level 3.0 Stealth
 - Level 2.2 Spellcasting


You had 7 spell levels left.
You didn't know any spells.
Your spell library was empty.

Dungeon Overview and Level Annotations

Branches:
Dungeon (3/15)

Altars:

Shops:
D:1 [

Annotations:
D:3 Grinder


Innate Abilities, Weirdness & Mutations

You are surrounded by a mild repulsion field. (EV +2)
Spells you cast may paralyse adjacent enemies.


Message History

HP restored.
You start waiting.
Done waiting.
Things that are here:
a jackal skeleton; a jackal skeleton
t - 2 throwing nets Grinder comes into view.
Grinder shouts!
Grinder is nearby!
You hit Grinder.
Grinder is lightly wounded.
Grinder blinks!
Throw: javelin
Press: ? - help, Shift-Dir - straight line, f - Grinder
Aim: Grinder (lightly wounded, 60% to hit)
You throw a javelin. The javelin pierces through Grinder.
Grinder is moderately wounded.
Throw: 2 throwing nets
Press: ? - help, Q - select action, (/) - cycle Shift-Dir - straight line, f/p - Grinder
Aim: Grinder (moderately wounded, 60% to hit)
You throw a throwing net. The throwing net barely misses Grinder.
Grinder blinks!
You closely miss Grinder.
Grinder is moderately wounded.
Grinder barely misses you.
You closely miss Grinder.
Grinder is moderately wounded.
Grinder gestures at you. You resist with significant effort.
You sock Grinder!
Grinder is heavily wounded.
Grinder gestures at you.
You suddenly lose the ability to move!
Grinder hits you.
You writhe in agony.
Grinder hits you!
You writhe in agony.
* * * LOW HITPOINT WARNING * * *
Grinder grins, showing sharp teeth.
Grinder hits you.
* * * LOW HITPOINT WARNING * * *
You writhe in agony.
You die...

## #.#
##.#######.
#.#
#.......##.
#.#
#...###.##.
#.######...#
#....
#..........#
#.##.
#.######.###
#.##.
#######.#
#.#####รท##.
.......5###
#.......##.
.$.....@..#
####.......
#######.#.#
#.######
#.#.#
#.##### #.#
# #.....#
#.# #####.#
#.# #.# ((#
#.# ### #g#
#.#


You could see Grinder.

Vanquished Creatures
  Ijyb (D:3)
  Terence (D:2)
  An adder (D:3)
  An adder skeleton (D:2)
  A worm (D:2)
  A dart slug (D:3)
  An orc (D:3)
  6 endoplasms
  3 giant cockroaches
  2 goblins
  4 hobgoblins
  10 jackals
  A quokka (D:1)
  3 ball pythons (D:2)
  5 bats
  3 frilled lizards
  4 kobolds
  2 quokka zombies (D:2)
  6 rats
56 creatures vanquished.

Vanquished Creatures (others)
  2 withered plants (D:2)
2 creatures vanquished.

Grand Total: 58 creatures vanquished

Notes
Turn   | Place    | Note
-------+----------+-------------------------------------------
     0 | D:1      | Newt the Demonspawn Gladiator began the quest for the Orb.
     0 | D:1      | Reached XP level 1. HP: 16/16 MP: 1/1
    73 | D:1      | Reached skill level 1 in Stealth
   254 | D:1      | Gained mutation: Spells you cast may paralyse adjacent
                  | enemies. [demonic ancestry]
   254 | D:1      | Reached XP level 2. HP: 15/22 MP: 2/2
   293 | D:1      | Found a faded altar of an unknown god.
   352 | D:1      | Reached skill level 2 in Stealth
   860 | D:1      | Found Dioluoha's Antique Armour Emporium.
  1126 | D:2      | Reached XP level 3. HP: 27/27 MP: 3/3
  1215 | D:2      | Reached skill level 3 in Stealth
  1282 | D:2      | Noticed Terence
  1291 | D:2      | Killed Terence
  1292 | D:2      | Reached skill level 1 in Spellcasting
  1292 | D:2      | Gained mutation: You are surrounded by a mild repulsion
                  | field. (EV +2) [demonic ancestry]
  1292 | D:2      | Reached XP level 4. HP: 25/33 MP: 3/6
  2024 | D:3      | Noticed Ijyb
  2128 | D:3      | Killed Ijyb
  2129 | D:3      | Reached skill level 1 in Staves
  2314 | D:3      | Noticed Grinder
  2323 | D:3      | Paralysed by Grinder for 5 turns
  2325 | D:3      | Slain by Grinder

Illustrated notes

Levels and vault maps discovered:
D:1:      wheals_arrival_shading, layout_basic,
          hellmonk_ecumenical_altar_run_dry, serial_shops, shop
D:2:      layout_basic, serial_undead, serial_undead_b, serial_undead_f,
          serial_undead_b, serial_undead_f, nicolae_elevator_lobby_asterisk,
          uniq_terence
D:3:      cheibrodos_old_hovel, layout_loops_ring, uniq_ijyb, uniq_grinder

Skill      XL: |  1  2  3  4 |
---------------+-------------+-----
Stealth        | 1 2 3 |  3.0
Spellcasting   | 1 2 |  2.2
Staves         | 1 |  1.5
Fighting       | |  2.0
Short Blades   | |  2.6
Throwing       | |  1.7
Dodging        | |  2.6

Action                   |  1- 3 |  4- 6 || total
-------------------------+-------+-------++-------
Melee: Rapier            |   137 |    33 ||   170
       Punch             |     1 |       ||     1
       Quarterstaff      |       |    53 ||    53
       Unarmed           |       |     7 ||     7
Throw: Javelin           |     1 |     1 ||     2
       Throwing net      |       |     4 ||     4
  Use: Scroll            |     4 |       ||     4
 Stab: Sleeping          |     7 |     4 ||    11
Armor: Leather armour    |    45 |    21 ||    66
Dodge: Dodged            |   109 |    68 ||   177

Table legend: (Time is in decaauts)
 A = Elapsed time spent in this place.
 B = Non-inter-level travel time spent in this place.
 C = Inter-level travel time spent in this place.
 D = Time resting spent in this place.
 E = Time spent auto-exploring this place.
 F = Levels seen in this place.
 G = Mean time per level.
                   A        B        C        D        E       F      G
               +--------+--------+--------+--------+--------+-----+--------+
         Total |   2337 |   2271 |     66 |    130 |   1629 |   3 |  779.0 |
       Dungeon |   2337 |   2271 |     66 |    130 |   1629 |   3 |  779.0 |
               +--------+--------+--------+--------+--------+-----+--------+

Top non-repeatable levels by time:
     D:1: 1114 daAuts
     D:2: 673 daAuts
     D:3: 549 daAuts
